 Dungeon Crawl Stone Soup version 0.26-a0-1213-gd52f5182fe (webtiles) character file.

Game seed: 9896022403390089168

2142 stormannn the Grappler (level 9, -5/81 HPs)
             Began as a Ghoul Fighter on Dec 30, 2020.
             Was a Believer of Okawaru.
             Slain by Harold
             ... wielding a +0 glaive
              (20 damage)
             ... on level 8 of the Dungeon.
             The game lasted 00:07:14 (7441 turns).

stormannn the Grappler (Ghoul Fighter)              Turns: 7441, Time: 00:07:14

Health: -5/81      AC:  9    Str: 23    XL:     9   Next: 30%
Magic:  9/11       EV: 10    Int:  3    God:    Okawaru [**....]
Gold:   472        SH: 11    Dex:  8    Spells: 8/8 levels left

rFire    . . .     SeeInvis .     - Unarmed
rCold    + . .     Faith    .   b - +0 kite shield
rNeg     + + +     Spirit   .   a - +0 scale mail
rPois    ∞         Reflect  .   i - +0 helmet
rElec    .         Harm     .   (no cloak)
rCorr    .         Rampage  .   (no gloves)
Will     .....                  (no boots)
Stlth    +.........             (no amulet)
HPRegen  0.00/turn              (no ring)
MPRegen  0.12/turn              (no ring)

@: heroism, marked
A: claws 1, cold resistance 1, negative energy resistance 3, inhibited
regeneration, torment resistance, unbreathing
a: Renounce Religion, Heroism


You were on level 8 of the Dungeon.
You worshipped Okawaru.
Okawaru was pleased with you.
You visited 2 branches of the dungeon, and saw 9 of its levels.

You collected 472 gold pieces.

Inventory:

Armour
 a - a +0 scale mail (worn)
 b - a +0 kite shield (worn)
 i - a +0 helmet (worn)
Wands
 s - a wand of flame (32)
Scrolls
 f - 4 scrolls of remove curse
 g - 2 scrolls of fog {unknown}
 k - 2 scrolls of enchant weapon {unknown}
 l - 5 scrolls of identify {unknown}
 p - 3 scrolls of teleportation {unknown}
 r - 2 scrolls of blinking {unknown}
 t - 2 scrolls of random uselessness {unknown}
 u - a scroll of fear {unknown}
 v - a scroll of immolation {unknown}
 w - a scroll of brand weapon {unknown}
Potions
 c - 4 potions of might
 d - 4 potions of attraction {unknown}
 e - 4 potions of curing {unknown}
 h - 4 potions of flight {unknown}
 j - a potion of heal wounds {unknown}
 m - 3 potions of brilliance {unknown}
 n - 2 potions of lignification {unknown}
 o - 2 potions of cancellation {unknown}
 q - a potion of degeneration {unknown}


   Skills:
 + Level 7.9(12.9) Fighting
 - Level 2.6(7.6) Armour
 - Level 2.6(7.6) Shields
 * Level 10.3(15.3) Unarmed Combat
 - Level 4.0 Invocations


You had 8 spell levels left.
You didn't know any spells.
Your spell library was empty.

Dungeon Overview and Level Annotations

Branches:
Dungeon (8/15)             Temple (1/1) D:4
   Lair: D:8-11

Altars:
Ashenzari
Cheibriados
Dithmenos
Elyvilon
Fedhas
Gozag
Hepliaklqana
Kikubaaqudgha
Makhleb
Okawaru
Qazlal
Ru
Sif Muna
Trog
Uskayaw
Vehumet
Wu Jian
Xom
Yredelemnul
Zin
The Shining One

Shops:
D:4 *?

Annotations:
D:3 1 runed translucent door
D:7 3 runed translucent doors, tinescath's ghost, novice DEFE
D:8 Harold


Innate Abilities, Weirdness & Mutations

You thrive by killing the living.
You are immune to poison.
You have sharp fingernails.
Your flesh is cold resistant. (rC+)
You are immune to negative energy. (rN+++)
You do not regenerate when monsters are visible.
You are immune to unholy pain and torment.
You can survive without breathing.


Message History

You struggle against the net.
Harold hits you from afar with a +0 glaive!!
You shred the net and break free! Harold hits you with a +0 glaive!
You scratch Harold but do no damage. Harold hits you with a +0 glaive!
You barely miss Harold. Harold hits you with a +0 glaive!!
* * * LOW HITPOINT WARNING * * *
You scratch Harold but do no damage.
Okay, then.
You gain the combat prowess of a mighty hero.
You block Harold's attack.
You mangle Harold!!
Harold is moderately wounded.
Harold says, "My wife will appreciate not having to wash blood out of my clothes anymore."
Harold casts a spell at you. A sentinel's mark forms upon you.
You mangle Harold!!
Harold is heavily wounded.
Harold hits you with a +0 glaive!!
You die...

##########
#.........
#.######## ###.# #
##.##########.#.#
#
......@@.)..†.#.#
#
##.##...#####.#.#
# #...# #.#.# #
#...# #.#.# #
#......# #...#
#.#.# # #......#
#...# #.#.# #
#......#
#########.#.#### #
......#
........#......# #
.....
#########.#...##.#
#


You could see Harold.

Vanquished Creatures
  2 sky beasts
  3 orc warriors
  2 phantoms
  4 ogres
  A bullfrog (D:7)
  A water moccasin skeleton (D:6)
  2 scorpions (D:7)
  2 howler monkeys
  2 bullfrog zombies
  4 hounds
  An orc priest (D:6)
  A bullfrog skeleton (D:7)
  3 jellies (D:7)
  3 orc wizards
  Ijyb (D:4)
  An iguana (D:6)
  3 worker ants
  A hound zombie (D:6)
  A mummy (D:5)
  2 worker ant zombies (D:5)
  A howler monkey skeleton (D:4)
  4 gnolls
  5 adders
  2 white imps
  3 oozes
  An adder skeleton (D:6)
  An adder zombie (D:5)
  5 worms
  2 dart slugs
  3 leopard geckos
  24 orcs
  4 bats
  9 giant cockroaches
  4 goblins (D:3)
  6 hobgoblins
  15 jackals
  4 kobolds
  5 quokkas
  4 ball pythons
  4 frilled lizards
  A leopard gecko skeleton (D:4)
  A leopard gecko zombie (D:6)
  2 orc zombies (D:5)
  A quokka skeleton (D:3)
  11 rats
162 creatures vanquished.

Vanquished Creatures (others)
  3 fungi (D:7)
  A plant (D:7)
4 creatures vanquished.

Grand Total: 166 creatures vanquished

Notes
Turn   | Place    | Note
-------+----------+-------------------------------------------
     0 | D:1      | stormannn the Ghoul Fighter began the quest for the Orb.
     0 | D:1      | Reached XP level 1. HP: 19/19 MP: 0/0
    90 | D:1      | Reached XP level 2. HP: 26/26 MP: 1/1
   221 | D:1      | Reached skill level 3 in Unarmed Combat
   464 | D:1      | Reached XP level 3. HP: 6/33 MP: 2/2
  1370 | D:2      | Reached skill level 4 in Unarmed Combat
  1370 | D:2      | Reached XP level 4. HP: 40/40 MP: 3/3
  1826 | D:3      | Found a runed translucent door.
  1826 | D:3      | Noticed an angel
  1827 | D:3      | Found a glowing golden altar of the Shining One.
  2112 | D:3      | Reached XP level 5. HP: 47/47 MP: 4/4
  2155 | D:3      | Found a broken altar of Ashenzari.
  2409 | D:4      | Noticed an ogre
  2415 | D:4      | Killed an ogre
  2415 | D:4      | Noticed Ijyb
  2416 | D:4      | Reached skill level 5 in Unarmed Combat
  2439 | D:4      | Killed Ijyb
  2440 | D:4      | Reached XP level 6. HP: 32/55 MP: 5/5
  2738 | D:4      | Found a radiant altar of Vehumet.
  2798 | D:4      | Reached skill level 5 in Fighting
  2798 | D:4      | Reached skill level 6 in Unarmed Combat
  3056 | D:4      | Found a staircase to the Ecumenical Temple.
  3105 | Temple   | Entered the Ecumenical Temple
  3262 | Temple   | Became a worshipper of Warmaster Okawaru
  3316 | D:4      | Found Ucziff's Lightly-Used Armoury.
  3733 | D:4      | Reached XP level 7. HP: 61/61 MP: 6/6
  3740 | D:4      | Found Yricepoc's Magic Scroll Shoppe.
  3833 | D:4      | Found a burning altar of Makhleb.
  3910 | D:5      | Entered Level 5 of the Dungeon
  3942 | D:4      | Reached skill level 7 in Unarmed Combat
  4444 | D:5      | Noticed a moth of wrath
  4446 | D:5      | Found a bloodstained altar of Trog.
  4582 | D:5      | Reached * piety under Okawaru
  4998 | D:5      | Got a steaming spear
  4999 | D:5      | Identified the +1 spear of Diffeopho {drain, Int+6} (You
                  | found it on level 5 of the Dungeon)
  5265 | D:6      | Reached skill level 1 in Invocations
  5273 | D:6      | Reached skill level 8 in Unarmed Combat
  5276 | D:6      | Got a smouldering morningstar
  5277 | D:6      | Identified the +0 morningstar "Bocodama" {vorpal, *Corrode
                  | Dex+6} (You found it on level 6 of the Dungeon)
  5295 | D:6      | Reached XP level 8. HP: 71/71 MP: 7/7
  5364 | D:6      | Found a glowing golden altar of the Shining One.
  5917 | D:7      | Found a runed translucent gate.
  5917 | D:7      | Found a runed translucent gate.
  5917 | D:7      | Found a runed translucent gate.
  5917 | D:7      | Noticed a kobold demonologist
  5992 | D:7      | Reached ** piety under Okawaru
  5993 | D:7      | Reached skill level 9 in Unarmed Combat
  6176 | D:7      | Found an iron altar of Okawaru.
  6313 | D:7      | Noticed tinescath's ghost (novice DEFE)
  6444 | D:7      | Reached XP level 9. HP: 78/79 MP: 10/10
  6648 | D:7      | Reached skill level 10 in Unarmed Combat
  7426 | D:8      | Noticed Harold
  7441 | D:8      | Slain by Harold

Illustrated notes

Levels and vault maps discovered:
D:1:      lemuel_arrival_broad_hall, layout_loops_ring, minmay_misc_feat_doors
D:2:      layout_loops_cross, kennysheep_nub
D:3:      layout_basic, lemuel_doored_altar, lemuel_angel_altar
D:4:      layout_loops_ring, vehumet_altar_wand_db, makhleb_heckhound_becter,
          minmay_temple_entry_mist, serial_shops, kennysheep_mini_moat,
          minmay_shop_damaged, uniq_ijyb
D:5:      layout_loops_ring, tgw_trog, nicolae_ossuary_entry_giza
D:6:      minmay_general_purpose_star, layout_loops_ring,
          overflow_temple_1_default
D:7:      layout_loops_corners, gammafunk_ghost_nasty_kobolds, okawaru_trees_1
D:8:      layout_basic, kennysheep_mini, serial_shops, nicolae_shop_statue_plus,
          hangedman_decor_slide_cut, uniq_gastronok, uniq_harold, uniq_erica
Temple:   regret_index_temple_sphere_string

Skill      XL: |  1  2  3  4  5  6  7  8  9 |
---------------+----------------------------+-----
Unarmed Combat | 3 4 5 6 8 9 10 | 10.3
Fighting       | 4 5 6 7 |  7.9
Invocations    | 1 3 4 |  4.0
Armour         | |  2.6
Shields        | |  2.6

Action                   |  1- 3 |  4- 6 |  7- 9 || total
-------------------------+-------+-------+-------++-------
Melee: Unarmed           |    97 |   182 |   320 ||   599
Invok: Heroism           |       |       |     1 ||     1
  Use: Scroll            |       |       |     1 ||     1
Armor: Scale mail        |    46 |    47 |   105 ||   198
Dodge: Dodged            |    21 |    38 |    77 ||   136
Block: Kite shield       |    31 |    66 |   107 ||   204

Table legend: (Time is in decaauts)
 A = Elapsed time spent in this place.
 B = Non-inter-level travel time spent in this place.
 C = Inter-level travel time spent in this place.
 D = Time resting spent in this place.
 E = Time spent auto-exploring this place.
 F = Levels seen in this place.
 G = Mean time per level.
                   A        B        C        D        E       F      G
               +--------+--------+--------+--------+--------+-----+--------+
         Total |   7424 |   7228 |    196 |   1192 |   4836 |   9 |  824.9 |
       Dungeon |   7241 |   7082 |    159 |   1192 |   4700 |   8 |  905.1 |
        Temple |    182 |    145 |     37 |      0 |    136 |   1 |  182.0 |
               +--------+--------+--------+--------+--------+-----+--------+

Top non-repeatable levels by time:
     D:4: 1587 daAuts
     D:7: 1413 daAuts
     D:1: 910 daAuts
     D:6: 885 daAuts
     D:2: 866 daAuts
     D:5: 849 daAuts
     D:3: 628 daAuts
  Temple: 182 daAuts
     D:8: 99 daAuts
